 Dungeon Crawl Stone Soup version 0.27-a0-684-g359e429f13 (webtiles) character file.

Game seed: 14284058344450921631

330 ReteAZ the Chiller (level 6, -1/67 HPs)
             Began as a Demigod Ice Elementalist on Mar 20, 2021.
             Killed by nerve-wracking pain
             ... invoked by an orc priest
              (11 damage)
             ... on level 4 of the Dungeon.
             The game lasted 00:05:47 (5134 turns).

ReteAZ the Chiller (Demigod Ice Elementalist)       Turns: 5134, Time: 00:05:47

Health: -1/67      AC:  4    Str: 17    XL:     6   Next: 4%
Magic:  19/23      EV: 11    Int: 17    God:
Gold:   96         SH:  0    Dex: 14    Spells: 7/11 levels left

rFire    . . .     SeeInvis .   q - +11 halberd of Impatience {flame, rElec Will+ MP+9}
rCold    . . .     Faith    .   (shield currently unavailable)
rNeg     . . .     Spirit   .   g - +0 leather armour
rPois    .         Reflect  .   (no helmet)
rElec    +         Harm     .   (no cloak)
rCorr    .         Rampage  .   m - +0 pair of gloves
Will     +....                  (no boots)
Stlth    ..........             (no amulet)
HPRegen  0.21/turn              (no ring)
MPRegen  0.18/turn              (no ring)

@: berserking, very quick
A: high mp 1, forlorn
a: no special abilities


You were on level 4 of the Dungeon.
You visited 1 branch of the dungeon, and saw 4 of its levels.

You collected 96 gold pieces.

Inventory:

Hand Weapons
 e - a +1 short sword of holy wrath
 q - the +11 halberd of Impatience (weapon) {flame, rElec Will+ MP+9}
   (You found it on level 4 of the Dungeon)

   It has been specially enchanted to burn those struck by it, causing extra
   injury to most foes and up to half again as much damage against particularly
   susceptible opponents.
   Big, fiery blades are also staple armaments of hydra-hunters.
   It insulates you from electricity.
   It affects your willpower, your defense against some magical effects.
   It affects your magic capacity (+9).
 r - the +10 halberd "Aboro" {holy, rN+ Will- Stlth+}
   (You found it on level 4 of the Dungeon)

   It has been blessed by the Shining One to cause great damage to the undead
   and demons.
   It protects you from negative energy.
   It affects your willpower, your defense against some magical effects.
   It makes you more stealthy.
Armour
 a - a +0 robe
 g - a +0 leather armour (worn)
 m - a +0 pair of gloves (worn)
 n - a +0 scale mail
Jewellery
 b - a ring of fire
Scrolls
 c - 2 scrolls of teleportation {unknown}
 f - 4 scrolls of identify {unknown}
 k - 2 scrolls of fear {unknown}
 l - a scroll of magic mapping {unknown}
 p - 2 scrolls of silence {unknown}
Potions
 d - a potion of berserk rage
 h - a potion of flight {unknown}
 i - a potion of heal wounds {unknown}
 j - a potion of haste {unknown}
 o - a potion of ambrosia {unknown}


   Skills:
 - Level 1.7 Dodging
 - Level 1.7 Stealth
 + Level 3.4 Spellcasting
 * Level 6.0 Ice Magic


You had 7 spell levels left.
You knew the following spells:

 Your Spells              Type           Power      Damage    Failure   Level
a - Freeze                Ice            92%        1d10      1%          1
b - Frozen Ramparts       Ice            46%        1d6       4%          3

Your spell library contained the following spells:

 Spells                   Type           Power      Damage    Failure   Level
 Ozocubu's Armour         Ice            23%        N/A       4%          3
 Hailstorm                Conj/Ice       13%        3d5       52%         4
 Summon Ice Beast         Ice/Summ       13%        N/A       52%         4


Dungeon Overview and Level Annotations

Branches:
Dungeon (4/15)
 Temple: D:4-7

Annotations:
D:2 Sigmund
D:4 Menkaure


Innate Abilities, Weirdness & Mutations

Your attributes grow dramatically as you level up.
You have an increased reservoir of magic. (+10% MP)
You shall have no god before yourself.


Message History

Deactivating autopickup; reactivate with Ctrl-A.
The orc barely misses you.
You bump into the rock wall.
The orc priest invokes the aid of Beogh against you.
Beogh smites you!
The orc hits you from afar with a +0 trident.
Something hits you!
You bump into the rock wall.
You feel less confused. Something hits you.
Casting: Freeze (safe; 1% risk of failure)
Confirm with . or Enter, or press ? or * to list all spells.
Casting: Frozen Ramparts (dangerous; 5% risk of failure)
Press: ? - help, Dir - look around, f - activate The walls around you are covered in ice.
The wall freezes the orc priest.
The wall freezes something!
The wall freezes the orc.
The orc barely misses you.
The wall freezes something!
Something hits you!
* * * LOW HITPOINT WARNING * * *
It was a potion of berserk rage.
A red film seems to cover your vision as you go berserk!
You feel yourself moving faster!
You feel mighty!
The wall freezes the orc.
You kill the orc!
The orc priest looks satisfied for a moment.
The wall freezes something.
Reactivating autopickup.
You feel a bit more experienced.
Your Ice Magic skill increases to level 6!
You have reached level 6!
Your experience leads to a dramatic increase in your attributes!
Increase (S)trength, (I)ntelligence, or (D)exterity?
You feel stronger. x4
Your frozen ramparts will break if you move.
Continue?
Okay, then.
Your frozen ramparts will break if you move.
Continue?
The frozen ramparts melt away as you move.
You feel a strong urge to attack something.
The orc priest mumbles some strange prayers to Beogh against you.
Pain shoots through your body!
You die...

#................
###...................#.#
##..................<....
.........>..............
...........##..........##
..........## #..|....#..#
...........###..........#
...........##............
...............)@)o......
.........#......#...##..#
[........###....##.##
........##.......###
.................#
##.........#..#..##
#.#####...#......# #..
##..#..#...# #.
#..##..##.##


You could see an orc priest.

Vanquished Creatures
  An ogre (D:3)
  An orc priest (D:3)
  An orc wizard (D:4)
  2 hound skeletons (D:4)
  7 adders
  A howler monkey skeleton (D:4)
  An ufetubus (D:2)
  3 worms
  A dart slug (D:2)
  4 leopard geckos
  10 orcs
  9 bats
  4 giant cockroaches
  3 goblins (D:3)
  7 hobgoblins
  2 jackals (D:3)
  6 kobolds
  2 quokkas (D:4)
  A ball python (D:1)
  4 frilled lizards
  6 rats
76 creatures vanquished.

Vanquished Creatures (others)
  4 plants (D:3)
4 creatures vanquished.

Grand Total: 80 creatures vanquished

Notes
Turn   | Place    | Note
-------+----------+-------------------------------------------
     0 | D:1      | ReteAZ the Demigod Ice Elementalist began the quest for the
                  | Orb.
     0 | D:1      | Reached XP level 1. HP: 14/14 MP: 5/5
   873 | D:1      | Reached XP level 2. HP: 20/20 MP: 5/7
  1052 | D:2      | Reached skill level 4 in Ice Magic
  1445 | D:2      | Noticed Sigmund
  1756 | D:1      | Reached XP level 3. HP: 24/26 MP: 6/9
  2158 | D:2      | Learned a level 3 spell: Frozen Ramparts
  2182 | D:2      | Noticed an air elemental
  2188 | D:2      | Noticed a water elemental
  2605 | D:2      | Noticed an earth elemental
  2607 | D:2      | Noticed a fire elemental
  2934 | D:3      | Noticed an ogre
  2951 | D:3      | Killed an ogre
  2952 | D:3      | Reached skill level 5 in Ice Magic
  2952 | D:3      | Reached XP level 4. HP: 33/33 MP: 3/11
  3026 | D:3      | Reached XP level 5. HP: 32/38 MP: 7/12
  4115 | D:4      | Noticed Menkaure
  4778 | D:4      | Identified the +11 halberd of Impatience {flame, rElec
                  | Will+ MP+9}
  5098 | D:4      | Identified the +10 halberd "Aboro" {holy, rN+ Will- Stlth+}
  5134 | D:4      | Reached skill level 6 in Ice Magic
  5134 | D:4      | Reached XP level 6. HP: 10/45 MP: 14/14
  5134 | D:4      | Killed from afar by an orc priest

Illustrated notes

Levels and vault maps discovered:
D:1:      mainiacjoe_arrival_reflecting_pool, layout_basic, minmay_distorted
D:2:      layout_basic, nicolae_qazlal_style_of_elements, uniq_sigmund
D:3:      layout_basic, nicolae_hepliaklqana_hazy_memory
D:4:      layout_cave_pools, lemuel_blue_sif_altar, minmay_temple_entry_ruins,
          uniq_menkaure

Skill      XL: |  1  2  3  4  5 |
---------------+----------------+-----
Spellcasting   | 2 3 |  3.4
Ice Magic      | 4 5 6 |  6.0
Dodging        | |  1.7
Stealth        | |  1.7

Action                   |  1- 3 |  4- 6 || total
-------------------------+-------+-------++-------
Melee: Unarmed           |     3 |       ||     3
       Short sword       |    10 |    24 ||    34
       Halberd           |       |     4 ||     4
 Cast: Freeze            |    72 |    44 ||   116
       Frozen Ramparts   |     1 |     3 ||     4
  Use: Potion            |       |     1 ||     1
Armor: Robe              |     3 |       ||     3
       Leather armour    |    17 |    10 ||    27
Dodge: Dodged            |    57 |    34 ||    91

Table legend: (Time is in decaauts)
 A = Elapsed time spent in this place.
 B = Non-inter-level travel time spent in this place.
 C = Inter-level travel time spent in this place.
 D = Time resting spent in this place.
 E = Time spent auto-exploring this place.
 F = Levels seen in this place.
 G = Mean time per level.
                   A        B        C        D        E       F      G
               +--------+--------+--------+--------+--------+-----+--------+
         Total |   5143 |   4850 |    293 |   1097 |   3048 |   4 | 1285.8 |
       Dungeon |   5143 |   4850 |    293 |   1097 |   3048 |   4 | 1285.8 |
               +--------+--------+--------+--------+--------+-----+--------+

Top non-repeatable levels by time:
     D:2: 1466 daAuts
     D:3: 1460 daAuts
     D:1: 1444 daAuts
     D:4: 773 daAuts
